 Dungeon Crawl Stone Soup version 0.31.0-11-ge490571c62 (webtiles) character file.

Game seed: 1838559709451203066

135071 shadizar the Eclecticist (level 17, 0/129 HPs)
             Began as a Djinni Conjurer on Jan 26, 2024.
             Was the Champion of Makhleb.
             Slain by a seven-headed hydra (6 damage)
             ... on level 4 of the Swamp.
             The game lasted 01:08:09 (30919 turns).

shadizar the Eclecticist (Djinni Conjurer)         Turns: 30919, Time: 01:08:10

Health: 0/129      AC: 20    Str:  8    XL:     17   Next: 77%
Gold:   1176       EV:  8    Int: 32    God:    Makhleb [******] SH:  7 Dex: 17

rFire   + . .        P - staff of air
rCold   + + .        J - +0 buckler
rNeg    + . .        r - +4 chain mail {rC+}
rPois   ∞            l - +1 helmet
rElec   +            L - scarf {repulsion}
rCorr   .            u - +0 pair of gloves of the Thistle {Str+2 Dex+4}
SInv    .            (boots unavailable)
Will    +....        n - amulet of the acrobat Stlth
                     B - ring of the Distant Future {Ice rN+ Int+5 Stlth-}
HPRegen 0.41/turn    k - ring of protection from cold
MPRegen 0.00/turn

%: repel missiles, acrobat, infuse magic (-1 HP)
@: flying, slowed, very slow
A: sickness immunity, fire resistance 2, cold vulnerability 1, float, innate
caster, HP casting, extra vitality 1
a: Renounce Religion, Minor Destruction, Lesser Servant of Makhleb, Major
Destruction, Greater Servant of Makhleb


You were on level 4 of the Swamp.
You worshipped Makhleb.
Makhleb was exalted by your worship.
You visited 5 branches of the dungeon, and saw 26 of its levels.
You also visited: Ossuary, Gauntlet and Ice Cave.

You collected 2490 gold pieces.
You spent 1314 gold pieces at shops.

Inventory:

Armour
 l - a +1 helmet (worn)
 r - a +4 chain mail of cold resistance (worn)
 u - the +0 pair of gloves of the Thistle (worn) {Str+2 Dex+4}
   (You found it in a Gauntlet)

   Str+2:     It affects your strength (+2).
   Dex+4:     It affects your dexterity (+4).
 D - +0 swamp dragon scales
 J - a +0 buckler (worn)
 L - a scarf of repulsion (worn)
 O - a +2 scale mail of fire resistance
Magical Staves
 P - a staff of air (weapon)
Jewellery
 a - a +5 ring of evasion
 b - a ring of fire
 h - a ring of resist corrosion
 k - a ring of protection from cold (right hand)
 n - an amulet of the acrobat (around neck)
 v - a ring of willpower
 A - a +4 ring of protection
 B - the ring of the Distant Future (left hand) {Ice rN+ Int+5 Stlth-}
   (You bought it in a shop on level 2 of the Orcish Mines)

   [ring of ice]

   Ice:       It enhances your ice magic.
   Int+5:     It affects your intelligence (+5).
   rF-:       It makes you vulnerable to fire.
   rC+:       It protects you from cold.
   rN+:       It protects you from negative energy.
   Stlth-:    It makes you less stealthy.
Wands
 c - a wand of flame (18)
 i - a wand of polymorph (14)
 o - a wand of paralysis (24)
 G - a wand of mindburst (29)
 I - a wand of roots (33)
 Q - a wand of light (3)
Scrolls
 e - 7 scrolls of teleportation
 j - 5 scrolls of revelation
 y - 2 scrolls of summoning
 C - 2 scrolls of brand weapon
 E - 2 scrolls of acquirement
 H - 4 scrolls of blinking
 M - a scroll of enchant armour
 R - 10 scrolls of identify
Potions
 d - a potion of heal wounds
 g - 2 potions of haste
 p - 7 potions of brilliance
 q - 10 potions of curing
 s - 4 potions of might
 t - 3 potions of berserk rage
 w - 3 potions of invisibility
 x - 2 potions of enlightenment
 z - 2 potions of ambrosia
 F - a potion of magic
 K - a potion of resistance
Miscellaneous
 f - a phial of floods
 m - a condenser vane


   Skills:
 + Level 14.1 Fighting
 + Level 12.1 Armour
 - Level 13.4 Dodging
 - Level 1.5 Stealth
 - Level 9.0 Shields
 * Level 15.9 Spellcasting
 * Level 15.9 Conjurations
 * Level 15.9 Hexes
 * Level 15.9 Summonings
 * Level 15.9 Necromancy
 * Level 15.9 Translocations
 * Level 15.9 Fire Magic
 * Level 15.9 Ice Magic
 * Level 15.9 Air Magic
 * Level 15.9 Earth Magic
 * Level 15.9 Alchemy


You knew the following spells:

 Your Spells              Type           Power      Damage    Failure   Level
a - Magic Dart            Conj           100%       1d8       1%          1
b - Searing Ray           Conj           100%       2d8       1%          2
c - Fulminant Prism       Conj/Alch      45%        3d21      1%          4
d - Iskenderun's Mystic   Conj/Tloc      91%        2d18      1%          4
e - Necrotise             Necr           100%       1d9       1%          1
f - Blink                 Tloc           100%       N/A       1%          2
g - Scorch                Fire           100%       2d9       1%          2
h - Vhi's Electric Charg  Tloc/Air       100%       N/A       1%          4
i - Animate Armour        Summ/Erth      100%       N/A       1%          4
j - Iskenderun's Battles  Conj           91%        2d14      2%          5
k - Summon Cactus Giant   Summ           45%        N/A       16%         6
l - Starburst             Conj/Fire      45%        6d13      16%         6
Your spell library was empty.

Dungeon Overview and Level Annotations

Branches:
Dungeon (14/15)            Temple (1/1) D:6            Lair (5/5) D:8
  Swamp (4/4) Lair:2       Spider (0/4) Lair:2        Slime (0/5) Lair:4
    Orc (2/2) D:9             Elf (0/3) Orc:2        Vaults (0/5) D:13
Ossuary (visited)           IceCv (visited)         Gauntlet (visited)

Altars:
Ashenzari
Cheibriados
Dithmenos
Elyvilon
Fedhas
Gozag
Hepliaklqana
Makhleb
Nemelex Xobeh
Okawaru
Qazlal
Ru
Trog
Uskayaw
Wu Jian
Xom
Yredelemnul
Zin
The Shining One

Shops:
D:5 (:=[   D:6 ?   D:7 *   D:8 !!   D:10 *   Orc:2 =*=(

Annotations:
Orc:2 3 runed translucent doors, Jeffwins's ghost, journeyman OnMo


Innate Abilities, Weirdness & Mutations

You are immune to sickness and miasma.
You are immune to poison.
Your flesh is very heat resistant. (rF++)
You are vulnerable to cold. (rC-)
You float through the air rather than walking.
You learn spells naturally, not from books.
Your magical power is your life essence.
You have superior vitality. (+4 MHP)


Message History

Your fulminant prism explodes!
The seven-headed hydra bites you.
The seven-headed hydra completely misses you.
The seven-headed hydra bites you!
The seven-headed hydra closely misses you.
The seven-headed hydra bites you!
The seven-headed hydra bites you but does no damage. x2
You hear a roar! x2
Casting: Iskenderun's Mystic Blast (mildly dangerous; 1% risk of failure)
Confirm with . or Enter, or press ? or * to list all spells.
You erupt in a blast of force!
The mystic blast hits the seven-headed hydra!!
The seven-headed hydra is moderately wounded.
The seven-headed hydra is no longer more vulnerable to fire.
The seven-headed hydra bites you! x3; The seven-headed hydra bites you.
The seven-headed hydra bites you!
* * * LOW HITPOINT WARNING * * *
The seven-headed hydra bites you!
* * * LOW HITPOINT WARNING * * *
The seven-headed hydra bites you.
* * * LOW HITPOINT WARNING * * *
The seven-headed hydra bites you.
* * * LOW HITPOINT WARNING * * *
The seven-headed hydra bites you but does no damage. x2
You block the seven-headed hydra's attack.
The seven-headed hydra bites you!
* * * LOW HITPOINT WARNING * * *
You block the seven-headed hydra's attack.
The seven-headed hydra bites you.
* * * LOW HITPOINT WARNING * * *
Unknown command.
Unknown command.
Blink to where?
Press: ? - help, Dir - move target
As you read the scroll of blinking, it crumbles to dust.
Your magical contamination has completely faded away.
There is a stone staircase leading up here.
You block the seven-headed hydra's attack.
The seven-headed hydra bites you.
You die...

♣~~~~~~...
~.~~~~~~.♣♣♣♣
♣~~~~~§~...♣♣
~♣~†~)†~~~~§.♣♣
..~~~~~~~~~~.~♣♣
.~♣♣.~~~..<...~♣♣
♣♣♣♣♣♣♣~..~§.♣
♣....♣♣.~~.♣
♣~~~@.♣.~~~♣
♣~~~.D..~~~♣
♣♣♣♣♣♣.~~§.♣
♣~...§~.♣
♣♣~~~~(.~♣
♣♣♣♣.~D~~~~~♣♣
♣♣♣~†~.~~~~~~~~♣
♣.†[†..†.~~~~~~♣
♣~~~...♣♣.~.~~.♣♣


You could see a seven-headed hydra.

Vanquished Creatures
  A fenstrider witch (Swamp:4)
  2 orc warlords (Orc:1)
  2 very ugly things (IceCv)
  3 dire elephants (Lair:5)
  3 eleionomae
  9 bunyips
  A minotaur (Gauntlet)
  Josephine (Lair:5)
  7 hydras
  An entropy weaver (Gauntlet)
  A caustic shrike simulacrum (IceCv)
  2 rakshasas (D:14)
  6 alligators
  3 ogre magi
  16 two-headed ogres
  6 boulder beetles
  3 centaur warriors
  A death yak (Lair:5)
  A tengu warrior (D:14)
  Urug (Lair:5)
  A skyshark (Lair:5)
  3 skeletal warriors (D:14)
  A spectral death yak (Lair:5)
  4 goliath frogs
  A spectral anaconda (Lair:5)
  9 bog bodies
  3 spriggan druids
  5 swamp dragons
  2 orange crystal statues (IceCv)
  2 deep trolls (Orc:2)
  An obsidian statue (Lair:5)
  A harpy (shapeshifter) (D:14)
  2 deep elf pyromancers
  An orc knight (Orc:1)
  4 necromancers
  A lindwurm (Lair:1)
  2 orc sorcerers
  A wolf spider (Gauntlet)
  14 ugly things
  3 manticores (D:14)
  5 cyclopes
  A will-o-the-wisp (Swamp:4)
  7 elephants
  7 black mambas
  3 ice statues
  6 gargoyles
  15 cane toads
  An unseen horror (D:11)
  8 komodo dragons
  Psyche (D:10)
  A rime drake (Lair:1)
  5 freezing wraiths
  3 anaconda simulacra (IceCv)
  A tengu conjurer (D:13)
  3 golden dragon simulacra (IceCv)
  13 trolls
  3 bloated husks
  15 hornets
  A polar bear (Lair:3)
  8 tyrant leeches
  3 alligator simulacra (IceCv)
  A tarantella (Lair:1)
  8 blink frogs
  2 jumping spiders
  7 slime creatures
  A shadow (Gauntlet)
  A dire elephant simulacrum (IceCv)
  2 vampires
  16 spriggans
  A water elemental (D:13)
  6 wraiths
  7 wyverns
  A fire elemental (Lair:5)
  44 yaks
  3 vampire mosquitoes (D:13)
  A warg (Orc:1)
  Edmund (D:6)
  A death yak simulacrum (Lair:5)
  A redback (Lair:1)
  3 steam dragons
  5 basilisks
  2 harpy simulacra (IceCv)
  11 swamp worms
  4 acid dragons
  11 water moccasins
  9 swamp drakes
  A meliai simulacrum (D:14)
  2 elephant zombies (Lair:5)
  24 orc warriors
  5 ice beasts
  3 sky beasts (D:7)
  3 black bears
  3 ettin simulacra (IceCv)
  22 ogres
  10 wolves
  4 centaurs
  A weeping skull (Ossuary)
  A kobold brigand (D:4)
  14 bullfrogs
  A brain worm (D:6)
  A cane toad simulacrum (Lair:5)
  4 scorpions
  5 water moccasin zombies (Ossuary)
  5 wights (D:7)
  4 killer bees (D:7)
  A lindwurm simulacrum (IceCv)
  10 electric eels
  5 howler monkeys
  5 jellies
  3 lava snakes
  5 hounds
  A gnoll bouda (D:7)
  20 orc priests
  A spectral scorpion (Ossuary)
  A sleepcap (D:7)
  Ijyb (D:3)
  18 orc wizards
  A bullfrog simulacrum (Ossuary)
  2 mummies (Ossuary)
  7 adders
  11 gnolls
  A white imp (D:6)
  7 adder zombies (Ossuary)
  4 dart slugs
  3 ribbon worms
  85 orcs
  7 endoplasms
  5 giant cockroaches
  12 gnoll zombies (Ossuary)
  9 goblins
  7 hobgoblins
  2 quokkas
  6 ball pythons
  10 bats
  5 frilled lizards
  3 jackal zombies (Ossuary)
  8 kobolds
  5 orc zombies (Ossuary)
  6 rats
780 creatures vanquished.

Vanquished Creatures (collateral kills)
  A sleepcap (D:7)
1 creature vanquished.

Vanquished Creatures (others)
  2 bloated husks
  A swamp worm (Swamp:3)
  2 foxfires (Swamp:4)
  182 fulminant prisms
187 creatures vanquished.

Grand Total: 968 creatures vanquished

Notes
Turn   | Place    | Note
-------+----------+-------------------------------------------
     0 | D:1      | shadizar the Djinni Conjurer began the quest for the Orb.
     0 | D:1      | shadizar set off with the following spells memorised: Magic
                  | Dart, Searing Ray, Fulminant Prism, Iskenderun's Mystic
                  | Blast.
     0 | D:1      | Reached XP level 1. HP: 15/15 MP: 0/0
    97 | D:1      | Reached XP level 2. HP: 19/22 MP: 0/0
   257 | D:1      | Reached skill level 1 in Fighting
   353 | D:1      | Reached XP level 3. HP: 26/27 MP: 0/0
   353 | D:1      | Learned a level 1 spell: Necrotise
   722 | D:2      | Reached XP level 4. HP: 30/32 MP: 0/0
  1481 | D:3      | Reached XP level 5. HP: 22/38 MP: 0/0
  1481 | D:3      | Learned a level 2 spell: Blink
  1672 | D:3      | Found a blossoming altar of Fedhas.
  1823 | D:3      | Found a white marble altar of Elyvilon.
  1830 | D:3      | Noticed Ijyb
  1846 | D:3      | Paralysed by Ijyb for 2 turns
  1848 | D:3      | Killed Ijyb
  2508 | D:4      | Noticed a black bear
  2600 | D:4      | Reached skill level 5 in Spellcasting
  2600 | D:4      | Reached skill level 5 in Conjurations
  2600 | D:4      | Reached skill level 5 in Hexes
  2600 | D:4      | Reached skill level 5 in Summonings
  2600 | D:4      | Reached skill level 5 in Necromancy
  2600 | D:4      | Reached skill level 5 in Translocations
  2600 | D:4      | Reached skill level 5 in Fire Magic
  2600 | D:4      | Reached skill level 5 in Ice Magic
  2600 | D:4      | Reached skill level 5 in Air Magic
  2600 | D:4      | Reached skill level 5 in Earth Magic
  2600 | D:4      | Reached skill level 5 in Alchemy
  2600 | D:4      | Reached XP level 6. HP: 18/45 MP: 0/0
  2767 | D:4      | Killed a black bear
  2804 | D:4      | Reached XP level 7. HP: 40/50 MP: 0/0
  2804 | D:4      | Learned a level 2 spell: Scorch
  3045 | D:4      | Found a broken altar of Ashenzari.
  3611 | D:5      | Entered Level 5 of the Dungeon
  3665 | D:5      | Reached XP level 8. HP: 38/58 MP: 0/0
  3799 | D:5      | Found Ciery's Jewellery Boutique.
  3815 | D:5      | Found Sadoba's Antique Weapon Boutique.
  3815 | D:5      | Found Irabry's Armour Boutique.
  3817 | D:5      | Found Zijoese's Book Boutique.
  4236 | D:5      | Reached skill level 5 in Fighting
  4475 | D:5      | Reached skill level 5 in Dodging
  4478 | D:5      | Reached XP level 9. HP: 9/65 MP: 0/0
  4478 | D:5      | Learned a level 4 spell: Vhi's Electric Charge
  5011 | D:6      | Noticed Edmund
  5023 | D:6      | Killed Edmund
  5227 | D:6      | Found a shimmering altar of Xom.
  5749 | D:6      | Found The Oracle's Delphic Readings.
  5783 | D:6      | Found a staircase to the Ecumenical Temple.
  5989 | Temple   | Entered the Ecumenical Temple
  5997 | Temple   | Became a worshipper of Makhleb the Destroyer
  6323 | D:7      | Found Mapiecimp's Serpentskin Sales.
  6383 | D:7      | Reached XP level 10. HP: 39/73 MP: 0/0
  6400 | D:7      | Found a sand-covered staircase.
  6405 | Ossuary  | Entered an ossuary
  6630 | Ossuary  | Reached * piety under Makhleb
  6938 | Ossuary  | Reached ** piety under Makhleb
  8008 | D:8      | Found Esmityz's Distillery.
  8251 | D:8      | Found Quonij's Distillery.
  8763 | D:8      | Reached skill level 1 in Armour
  8878 | D:8      | Found a staircase to the Lair.
  9012 | D:9      | Noticed a two-headed ogre
  9013 | D:9      | Found an iron altar of Okawaru.
  9021 | D:9      | Killed a two-headed ogre
  9022 | D:9      | Reached XP level 11. HP: 53/81 MP: 0/0
  9022 | D:9      | Learned a level 4 spell: Animate Armour
  9635 | D:9      | Reached skill level 10 in Spellcasting
  9635 | D:9      | Reached skill level 10 in Conjurations
  9635 | D:9      | Reached skill level 10 in Hexes
  9635 | D:9      | Reached skill level 10 in Summonings
  9635 | D:9      | Reached skill level 10 in Necromancy
  9635 | D:9      | Reached skill level 10 in Translocations
  9635 | D:9      | Reached skill level 10 in Fire Magic
  9635 | D:9      | Reached skill level 10 in Ice Magic
  9635 | D:9      | Reached skill level 10 in Air Magic
  9635 | D:9      | Reached skill level 10 in Earth Magic
  9635 | D:9      | Reached skill level 10 in Alchemy
  9637 | D:9      | Reached *** piety under Makhleb
 10318 | D:9      | You are sucked into a shaft and drop 1 floor!
 10318 | D:10     | Entered Level 10 of the Dungeon
 10344 | D:9      | Found a staircase to the Orcish Mines.
 11137 | D:10     | Reached XP level 12. HP: 46/89 MP: 0/0
 11140 | D:10     | Reached skill level 1 in Shields
 11338 | D:10     | Noticed a two-headed ogre
 11343 | D:10     | Killed a two-headed ogre
 11344 | D:10     | Reached skill level 5 in Armour
 11574 | D:10     | Noticed Psyche
 11578 | D:10     | Killed Psyche
 11588 | D:10     | Found Nalaj's Assorted Antiques.
 11688 | D:10     | Bought a glowing scarf for 248 gold pieces
 11688 | D:10     | Bought a pair of glowing gloves for 232 gold pieces
 11955 | Lair:1   | Entered Level 1 of the Lair of Beasts
 12135 | Lair:1   | Identified the +1 falchion of the Boiling Point {vamp,
                  | ^Fragile Str+3 Int+3}
 12141 | Lair:1   | You are sucked into a shaft and drop 1 floor!
 12181 | Lair:2   | Found a gate leading to a gauntlet.
 12193 | Gauntlet | Entered a Gauntlet
 12193 | Gauntlet | Found a transporter.
 12267 | Gauntlet | Found a transporter.
 12282 | Gauntlet | Found a transporter.
 12287 | Gauntlet | Found a transporter.
 12289 | Gauntlet | Noticed a blizzard demon
 12302 | Gauntlet | Found a transporter.
 12321 | Gauntlet | Found a transporter.
 12323 | Gauntlet | Noticed a cacodemon
 12333 | Gauntlet | Found a transporter.
 12339 | Gauntlet | Found a transporter.
 12351 | Gauntlet | Noticed a death yak
 12353 | Gauntlet | Noticed a death yak
 12354 | Gauntlet | Found a transporter.
 12354 | Gauntlet | Noticed a death yak
 12360 | Gauntlet | Noticed a death yak
 12360 | Gauntlet | Noticed a death yak
 12361 | Gauntlet | Noticed a death yak
 12363 | Gauntlet | Found a transporter.
 12364 | Gauntlet | Noticed a green death
 12378 | Gauntlet | Found a transporter.
 12381 | Gauntlet | Noticed an entropy weaver
 12399 | Gauntlet | Found a transporter.
 12412 | Gauntlet | Found a transporter.
 12414 | Gauntlet | Found a transporter.
 12439 | Gauntlet | Found a transporter.
 12441 | Gauntlet | Found a transporter.
 12461 | Gauntlet | Found a transporter.
 12531 | Gauntlet | Noticed a hell hog
 12551 | Gauntlet | Found a transporter.
 13130 | Gauntlet | Reached **** piety under Makhleb
 13135 | Gauntlet | Reached skill level 10 in Dodging
 13248 | Gauntlet | Killed an entropy weaver
 13249 | Gauntlet | Identified the +0 pair of gloves of the Thistle {Str+2
                  | Dex+4}
 13320 | Gauntlet | Noticed a minotaur
 13338 | Gauntlet | Killed a minotaur
 13831 | Lair:2   | Found a hole to the Spider Nest.
 14290 | Lair:2   | Reached XP level 13. HP: 52/96 MP: 0/0
 14290 | Lair:2   | Learned a level 5 spell: Iskenderun's Battlesphere
 14663 | Lair:2   | Found a staircase to the Swamp.
 14903 | Lair:1   | Reached skill level 10 in Fighting
 15549 | Lair:1   | Found a runed translucent door.
 15988 | Lair:1   | Found a runed translucent gate.
 15988 | Lair:1   | Found a runed translucent gate.
 15988 | Lair:1   | Found a runed translucent gate.
 15988 | Lair:1   | Found a runed translucent gate.
 15988 | Lair:1   | Found a runed translucent gate.
 15988 | Lair:1   | Found a runed translucent gate.
 17270 | Lair:4   | Reached skill level 5 in Shields
 17287 | Lair:4   | Noticed a four-headed hydra
 17298 | Lair:4   | Killed a four-headed hydra
 17506 | Lair:4   | Found a staircase to the Slime Pits.
 17555 | Lair:4   | Identified the +7 broad axe "Kikhlixt" {drain, Dex+3}
 18046 | Lair:5   | Entered Level 5 of the Lair of Beasts
 18073 | Lair:5   | Noticed a six-headed hydra
 18080 | Lair:5   | Killed a six-headed hydra
 18080 | Lair:5   | Noticed Josephine
 18095 | Lair:5   | Killed Josephine
 18124 | Lair:5   | Reached ***** piety under Makhleb
 18333 | Lair:5   | Noticed Urug
 18365 | Lair:5   | Killed Urug
 18366 | Lair:5   | Reached XP level 14. HP: 52/103 MP: 0/0
 18543 | Lair:5   | Noticed a dire elephant
 18543 | Lair:5   | Noticed a dire elephant
 18763 | Lair:5   | Noticed a dire elephant
 19000 | Lair:5   | Found an ornate altar of the Wu Jian Council.
 19000 | Lair:5   | Found a hide-covered altar of Uskayaw.
 19057 | Lair:5   | Killed a dire elephant
 20573 | Lair:5   | Killed a dire elephant
 20577 | Lair:5   | Killed a dire elephant
 21210 | Orc:1    | Entered Level 1 of the Orcish Mines
 21242 | Orc:1    | Noticed an orc warlord
 21594 | Orc:1    | Killed an orc warlord
 22053 | Orc:2    | Entered Level 2 of the Orcish Mines
 22105 | Orc:2    | Reached XP level 15. HP: 101/111 MP: 0/0
 22105 | Orc:2    | Learned a level 6 spell: Summon Cactus Giant
 22264 | Orc:2    | Found Wupifaas's Jewellery Shop.
 22311 | Orc:2    | Found a staircase to the Elven Halls.
 22318 | Orc:2    | Found Rileghoj's Antique Weapon Emporium.
 22323 | Orc:2    | Found Venaz's Jewellery Boutique.
 22323 | Orc:2    | Found Ojiurghau's Assorted Antiques.
 22382 | Orc:2    | Reached ****** piety under Makhleb
 22779 | Orc:2    | Found a runed translucent gate.
 22779 | Orc:2    | Found a runed translucent gate.
 22779 | Orc:2    | Found a runed translucent gate.
 22780 | Orc:2    | Noticed Jeffwins's ghost (journeyman OnMo)
 23038 | Orc:2    | Identified the +0 leather armour of the Barnacle {*Slow
                  | rElec Regen+}
 23045 | Orc:2    | Found an iron altar of Okawaru.
 23277 | Orc:1    | Noticed an orc warlord
 23410 | Orc:1    | Killed an orc warlord
 23664 | Orc:2    | Bought the ring of the Distant Future {Ice rN+ Int+5
                  | Stlth-} for 679 gold pieces
 23820 | D:11     | Found a blossoming altar of Fedhas.
 24800 | D:13     | Found a gate to the Vaults.
 25966 | D:14     | Reached XP level 16. HP: 102/118 MP: 0/0
 26057 | D:14     | Reached skill level 10 in Armour
 27809 | D:10     | Bought a large peridot amulet for 155 gold pieces
 28058 | Swamp:1  | Entered Level 1 of the Swamp
 28333 | Swamp:1  | Reached skill level 15 in Spellcasting
 28333 | Swamp:1  | Reached skill level 15 in Conjurations
 28333 | Swamp:1  | Reached skill level 15 in Hexes
 28333 | Swamp:1  | Reached skill level 15 in Summonings
 28333 | Swamp:1  | Reached skill level 15 in Necromancy
 28333 | Swamp:1  | Reached skill level 15 in Translocations
 28333 | Swamp:1  | Reached skill level 15 in Fire Magic
 28333 | Swamp:1  | Reached skill level 15 in Ice Magic
 28333 | Swamp:1  | Reached skill level 15 in Air Magic
 28333 | Swamp:1  | Reached skill level 15 in Earth Magic
 28333 | Swamp:1  | Reached skill level 15 in Alchemy
 28680 | Swamp:2  | Reached XP level 17. HP: 85/127 MP: 0/0
 28680 | Swamp:2  | Learned a level 6 spell: Starburst
 28734 | Swamp:2  | Found a glacial archway.
 28958 | IceCv    | Entered an ice cave
 30249 | Swamp:3  | Identified 2 scrolls of acquirement
 30747 | Swamp:4  | Entered Level 4 of the Swamp
 30915 | Swamp:4  | HP: 6/129 [seven-headed hydra (9)]
 30919 | Swamp:4  | Slain by a seven-headed hydra

Illustrated notes

Levels and vault maps discovered:
D:1:      dpeg_arrival_orchard, layout_rooms, patterned_corridor
D:2:      layout_loops_ring, grunt_ministairs_1
D:3:      layout_basic, mainiacjoe_overflow_concentric_impassable,
          mainiacjoe_overflow_chevrons, minmay_increasing_density, uniq_ijyb
D:4:      layout_loops_ring, kennysheep_diamond
D:5:      layout_basic, minmay_shop_grid_forest
D:6:      layout_loops_ring, xom_butterflies,
          minmay_temple_entry_statues_pillars, nicolae_nh_oracle_at_delphi,
          uniq_edmund
D:7:      layout_cave_pods, nicolae_ossuary_entry_monument, minmay_statues_item,
          guppyfry_shop_venom
D:8:      layout_basic, erik_lair_dragon, serial_shops, nicolae_shop_stone,
          nicolae_take_the_stairs
D:9:      cheibrodos_statue_roulette, layout_basic, lemuel_tele_altar,
          minmay_orc_entry_temple_small, minivault_16
D:10:     layout_roguey, serial_shops, nicolae_shop_trees, uniq_psyche
D:11:     layout_roguey, fedhas_altar_3
D:12:     layout_rooms, nicolae_vehumet_altar_sigil
D:13:     layout_basic
D:14:     minmay_the_grid_triangle_9x9_rhombus_full
          [minmay_the_grid_triangle_9x9_zippers_vertical,
          minmay_the_grid_triangle_9x9_corruption,
          minmay_the_grid_triangle_9x9_zippers_horizontal,
          minmay_the_grid_triangle_9x9_odd_lines,
          minmay_the_grid_triangle_9x9_thin_v,
          minmay_the_grid_triangle_9x9_swiss_cheese,
          minmay_the_grid_triangle_9x9_windchime,
          minmay_the_grid_triangle_9x9_prize_insulated], layout_gridville,
          nrook_mini_backslash, nrook_loot_triangle, glass_columns_a
Temple:   regret_index_temple_mists
Lair:1:   gammafunk_indiana_jones, layout_loops_ring
Lair:2:   layout_cave_pods, nicolae_swamp_entry_splash_gauntlet,
          spider_nest_entry_web_field, gauntlet_entry_generic,
          infiniplex_staircase_pool_2
Lair:3:   layout_cave_pods, grunt_megastairs_2
Lair:4:   layout_regular_city, minmay_slime_entry_pillars, serial_bayou_ford_a,
          st_stairs_12
Lair:5:   due_jungle_book, layout_gridlike, nzn_masters_of_martial_movement,
          uniq_urug, uniq_josephine
Swamp:1:  layout_basic_swamp, evilmike_swamp_ruin_house_6
Swamp:2:  layout_falls_marsh, portal_ice_cave_entry_ice_statue_two,
          hangedman_swamp_ruin_hall, nicolae_swamp_dragon_and_kin
Swamp:3:  layout_basic_swamp, evilmike_swamp_ruin_house_3,
          nicolae_swamp_decorative_isthmus, infiniplex_staircase_pool
Swamp:4:  grunt_swamp_rune_castle, layout_basic_swamp, uniq_nikola
Orc:1:    cheibrodos_orc_arena, layout_diamond_mine
Orc:2:    st_orc_open, layout_caves, basic_altar,
          gammafunk_ghost_fury_of_okawaru, lightli_orcish_oven

Skill      XL: |  1  2  3  4  5  6  7  8  9 10 11 12 13 14 15 16 17 |
---------------+----------------------------------------------------+-----
Fighting       | 1 2 3 4 5 6 8 9 10 11 12 13 14 | 14.1
Spellcasting   | 4 5 6 7 8 9 10 11 12 13 14 15 | 15.9
Conjurations   | 4 5 6 7 8 9 10 11 12 13 14 15 | 15.9
Hexes          | 4 5 6 7 8 9 10 11 12 13 14 15 | 15.9
Summonings     | 4 5 6 7 8 9 10 11 12 13 14 15 | 15.9
Necromancy     | 4 5 6 7 8 9 10 11 12 13 14 15 | 15.9
Translocations | 4 5 6 7 8 9 10 11 12 13 14 15 | 15.9
Fire Magic     | 4 5 6 7 8 9 10 11 12 13 14 15 | 15.9
Ice Magic      | 4 5 6 7 8 9 10 11 12 13 14 15 | 15.9
Air Magic      | 4 5 6 7 8 9 10 11 12 13 14 15 | 15.9
Earth Magic    | 4 5 6 7 8 9 10 11 12 13 14 15 | 15.9
Alchemy        | 4 5 6 7 8 9 10 11 12 13 14 15 | 15.9
Dodging        | 3 5 6 8 9 10 11 12 13 | 13.4
Armour         | 2 4 6 7 8 9 11 12 | 12.1
Shields        | 3 5 7 8 9 |  9.0
Stealth        | |  1.5

Action                     |  1- 3 |  4- 6 |  7- 9 | 10-12 | 13-15 | 16-18 || total
---------------------------+-------+-------+-------+-------+-------+-------++-------
  Melee: Unarmed           |       |       |     4 |     5 |       |       ||     9
         Staff             |       |       |       |       |     9 |     3 ||    12
   Cast: Magic Dart        |    62 |   126 |   150 |     6 |       |       ||   344
         Searing Ray       |     1 |     5 |     4 |       |     7 |     2 ||    19
         Iskenderun's Myst |       |     3 |    44 |   175 |   432 |   272 ||   926
         Scorch            |       |       |    18 |   120 |    75 |    40 ||   253
         Fulminant Prism   |       |       |    10 |    33 |    83 |    57 ||   183
         Blink             |       |       |     1 |       |       |       ||     1
         Animate Armour    |       |       |       |     3 |     5 |       ||     8
         Iskenderun's Batt |       |       |       |       |     3 |       ||     3
         Starburst         |       |       |       |       |       |     1 ||     1
    Use: Scroll            |       |       |     8 |    13 |     8 |     5 ||    34
         Potion            |       |       |       |     1 |     5 |       ||     6
 Armour: Robe              |     1 |    12 |    37 |    25 |       |       ||    75
         Ring mail         |       |       |       |    26 |    54 |       ||    80
         Chain mail        |       |       |       |       |    44 |    92 ||   136
  Dodge: Dodged            |     7 |    24 |    38 |    43 |   140 |    53 ||   305
         Repelled          |       |       |       |       |     5 |    14 ||    19
  Block: Buckler           |       |       |       |     5 |    55 |    35 ||    95
